 Dungeon Crawl Stone Soup version 0.24-a0-789-g35933f4585 (webtiles) character file.

Game seed: 10654195759521134959, levelgen mode: deterministic

368 GordonOverkill the Chopper (level 6, 0/47 HPs)
             Began as a Demonspawn Fire Elementalist on Oct 10, 2019.
             Was a Follower of Ru.
             Succumbed to a killer bee's poison
             ... on level 4 of the Dungeon.
             The game lasted 00:13:06 (6306 turns).

GordonOverkill the Chopper (DsFE)                   Turns: 6306, Time: 00:13:07

Health: 0/47       AC:  3    Str:  9 (12) XL:     6   Next: 41%
Magic:  2/9        EV: 12    Int: 14 (17) God:    Ru [*.....]
Gold:   273        SH:  3    Dex: 11 (13) Spells: 5/9 levels left

rFire    . . .     SeeInvis .   a - +0 hand axe (flame)
rCold    . . .     Gourm    .   g - +0 buckler
rNeg     . . .     Faith    .   (no armour)
rPois    .         Spirit   +   m - +0 helmet
rElec    .         Reflect  .   (no cloak)
rCorr    .         Harm     .   (no gloves)
MR       .....                  c - +1 pair of boots
Stlth    ++........             (no amulet)
HPRegen  0.15/turn              (no ring)
MPRegen  0.11/turn              (no ring)

@: lethally poisoned (0 -> -7), very slightly contaminated, starving
A: claws 1, hooves 1, mutation resistance 1, strong 1, magic shield, rot
immunity, hated by all
a: Renounce Religion


You were on level 4 of the Dungeon.
You worshipped Ru.
Ru was aware of your devotion.
You were starving.

You visited 1 branch of the dungeon, and saw 5 of its levels.

You collected 273 gold pieces.

Inventory:

Hand Weapons
 a - a +0 hand axe of flaming (weapon)
Missiles
 e - 97 stones (quivered)
Armour
 c - a +1 pair of boots (worn)
 d - a +0 plate armour
 g - a +0 buckler (worn)
 i - a +0 ring mail
 m - a +0 helmet (worn)
Scrolls
 h - a scroll of blinking
 k - a scroll of teleportation
 l - a scroll of remove curse
 p - a scroll of noise
 q - a scroll of magic mapping
Comestibles
 f - 7 rations


   Skills:
 + Level 3.0 Fighting
 * Level 4.0 Axes
 - Level 2.0 Dodging
 - Level 2.0 Stealth
 + Level 1.4 Shields
 - Level 2.0 Spellcasting
 - Level 2.0 Conjurations
 - Level 3.0 Fire Magic


You had 5 spell levels left.
You knew the following spells:

 Your Spells              Type           Power        Failure   Level  Hunger
a - Flame Tongue          Conj/Fire      #....        12%         1    ##.....
b - Conjure Flame         Conj/Fire      #.......     34%         3    ####...

Your spell library contained the following spells:

 Spells                   Type           Power        Failure   Level  Hunger
 Throw Flame              Conj/Fire      #.....       17%         2    ###....
 Inner Flame              Hex/Fire       #.......     45%         3    ####...
 Sticky Flame             Conj/Fire      #.......     75%         4    #####..
 Fireball                 Conj/Fire      #.........   97%         5    ######.


Dungeon Overview and Level Annotations

Branches:
Dungeon (5/15)
 Temple: D:4-7

Altars:
Dithmenos
Ru
Sif Muna

Shops:
D:4 (

Annotations:
D:4 1 runed translucent door, Eustachio; confidenceinterval's ghost, novice GnTm


Innate Abilities, Weirdness & Mutations

You have large cloven feet.
When hurt, damage is shared between your health and your magic reserves.
You are immune to rotting.
You are hated by all.
You have sharp fingernails.
You are somewhat resistant to further mutation.
Your muscles are strong. (Str +2)


Message History

You're too hungry to rest.
* * * LOW HITPOINT WARNING * * *
You feel sick.
* * * LOW HITPOINT WARNING * * *
You feel sick.
* * * LOW HITPOINT WARNING * * *
You feel sick.
* * * LOW HITPOINT WARNING * * *
You feel sick.
Okay, then.
Okay, then.
You aren't carrying any potions.
Unknown command.
You're too hungry to rest.
* * * LOW HITPOINT WARNING * * *
You feel sick.
Unknown command.
* * * LOW HITPOINT WARNING * * *
You feel sick.
You die...

.... ......'..........#....##...
.... .....#..........'<........
....#########..........#######...
.............................#...
.............................#...
.............###'####'#......##'#
.............#........#..........
.............#........#.........^
.............#..@.....#.>........
.............#........#..........
.............#........#..........
.............#........#..........
.............##########......####
................[............#
................#######......#
########........#.....#......#
.......#........+≈≈≈≈)#......#


There were no monsters in sight!

Vanquished Creatures
  3 killer bees
  An orc wizard (D:3)
  An orc priest (D:3)
  Jessica (D:3)
  2 worker ants (D:4)
  2 adders
  An ooze (D:3)
  2 worms
  4 dart slugs
  A leopard gecko (D:4)
  7 orcs
  8 bats
  2 giant cockroaches
  2 goblins
  4 hobgoblins
  4 jackals (D:4)
  A quokka (D:3)
  4 frilled lizards
  12 kobolds
  A leopard gecko zombie (D:5)
  6 rats
69 creatures vanquished.

Notes
Turn   | Place    | Note
-------+----------+-------------------------------------------
     0 | D:1      | GordonOverkill the Demonspawn Fire Elementalist began the
                  | quest for the Orb.
     0 | D:1      | Reached XP level 1. HP: 13/13 MP: 3/3
   195 | D:1      | Gained mutation: When hurt, damage is shared between your
                  | health and your magic reserves. [demonic ancestry]
   195 | D:1      | Reached XP level 2. HP: 19/19 MP: 3/5
  1351 | D:2      | Gained mutation: You are immune to rotting. [demonic
                  | ancestry]
  1351 | D:2      | Reached XP level 3. HP: 25/25 MP: 4/6
  1384 | D:2      | Found a shadowy altar of Dithmenos.
  1385 | D:2      | Found a sacrificial altar of Ru.
  1388 | D:2      | Found a shimmering blue altar of Sif Muna.
  1786 | D:2      | Reached skill level 1 in Fighting
  1886 | D:2      | Learned a level 3 spell: Conjure Flame
  2066 | D:2      | Became a worshipper of Ru the Awakened
  2123 | D:3      | Reached skill level 1 in Axes
  2687 | D:3      | Reached XP level 4. HP: 32/32 MP: 5/7
  2916 | D:3      | Reached skill level 2 in Axes
  3389 | D:3      | Gained mutation: You have large cloven feet. [demonic
                  | ancestry]
  3389 | D:3      | Reached XP level 5. HP: 38/38 MP: 6/8
  3813 | D:3      | Noticed Jessica
  3831 | D:3      | Killed Jessica
  3831 | D:3      | Reached skill level 3 in Axes
  4149 | D:4      | Gained mutation: You are hated by all. [Ru sacrifice]
  4149 | D:4      | Reached * piety under Ru
  4202 | D:4      | Found Tuintok's Weapon Shoppe.
  4206 | D:4      | Found a runed translucent door.
  4211 | D:4      | Noticed confidenceinterval's ghost (novice GnTm)
  4324 | D:4      | Noticed Eustachio
  4333 | D:4      | Gained mutation: You have sharp fingernails. [potion of
                  | mutation]
  4333 | D:4      | Gained mutation: You are somewhat resistant to further
                  | mutation. [potion of mutation]
  4333 | D:4      | Gained mutation: Your muscles are strong. (Str +2) [potion
                  | of mutation]
  4888 | D:4      | Noticed a phantom
  5324 | D:5      | Entered Level 5 of the Dungeon
  5406 | D:4      | Reached skill level 1 in Shields
  5406 | D:4      | Reached XP level 6. HP: 36/46 MP: 0/9
  6161 | D:5      | Reached skill level 4 in Axes
  6304 | D:4      | HP: 2/47 [poisoned by a killer bee]
  6306 | D:4      | Succumbed to a killer bee's poison

Levels and vault maps discovered:
D:1:      erik_arrival_blinker_ship, layout_basic
D:2:      layout_loops_ring, chequers_temple_overflow_statue_of_worship
D:3:      layout_basic, first_ration, kennysheep_jessica_study
D:4:      layout_gridville, grunt_temple_overflow_open, serial_shops, shop,
          ebering_ghost_reflecting_pool, uniq_eustachio
D:5:      layout_rooms, minmay_temple_entry_nine_rooms, bloody_makhleb,
          uniq_blork_the_orc

Skill      XL: |  1  2  3  4  5  6 |
---------------+-------------------+-----
Stealth        | 2 |  2.0
Dodging        | 2 |  2.0
Fire Magic     | 3 |  3.0
Fighting       | 1 2 3 |  3.0
Axes           | 1 2 3 4 |  4.0
Conjurations   | 2 |  2.0
Shields        | 1 |  1.4
Spellcasting   | |  2.0

Action                   |  1- 3 |  4- 6 || total
-------------------------+-------+-------++-------
Melee: Hand axe          |       |    30 ||    30
       Kick              |       |     2 ||     2
Throw: Stone             |    74 |    39 ||   113
 Cast: Flame Tongue      |    76 |   103 ||   179
Invok: Sacrifice Love    |       |     1 ||     1
  Use: Potion            |       |     4 ||     4
       Scroll            |       |     9 ||     9
  Eat: Chunk             |     7 |     7 ||    14
       Ration            |       |     1 ||     1
Armor: Robe              |     7 |    13 ||    20
       Skin              |       |     3 ||     3
Dodge: Dodged            |    31 |    75 ||   106
Block: Buckler           |       |    26 ||    26

Table legend:
 A = Non-vault XP
 B = Vault XP
 C = Vault XP percentage of total XP
 D = Non-vault monster count
 E = Vault monster count
 F = Vault count percentage of total count
                 A         B        C        D         E       F
            +---------+---------+-------+---------+---------+-------
      Total |     487 |      39 |   7.4 |      67 |       2 |   2.9
            +---------+---------+-------+---------+---------+-------
        D:1 |      34 |       0 |   0.0 |      18 |       0 |   0.0
        D:2 |      26 |       0 |   0.0 |      12 |       0 |   0.0
        D:3 |     145 |      39 |  21.2 |      25 |       2 |   7.4
        D:4 |     157 |       0 |   0.0 |       9 |       0 |   0.0
        D:5 |     125 |       0 |   0.0 |       3 |       0 |   0.0
            +---------+---------+-------+---------+---------+-------
